General information
- name: BNet
- type: Ladder team game (AT/RT)
- host: Battle.net
- saver: kunt.roII
map: CopperCanyon
- players: 6
- length: 17:24
- speed: Fast
- version: 1.21 W3XP
- replay type: Public
» download(122 KB)
Players
team 1 (winner)
Gobiner (
red | 49 APM | 858 actions | 17:23)
5 Tauren Chieftain
3 War Stomp
2 Endurance Aura
» actions
| Assign group hotkey | 57 | |
| Basic commands | 25 | |
| Build / train | 53 | |
| ESC pressed | 3 | |
| Enter build submenu | 10 | |
| Enter hero's abilities submenu | 5 | |
| Right click | 247 | |
| Select / deselect | 234 | |
| Select group hotkey | 168 | |
| Use ability | 56 | |
858 total
» units
» upgrades
| Berserker Strength | 1 | |
| Armor | 2 | |
| Ranged Weapons | 2 | |
| Burning Oil | 1 | |
6 total
» buildings
| Altar of Storms | 1 | |
| Orc Burrow | 4 | |
| Barracks | 2 | |
| Voodoo Lounge | 2 | |
| Stronghold | 4 | |
| War Mill | 1 | |
| Fortress | 1 | |
15 total
» build order
00:09 Altar of Storms
00:16 Orc Burrow
00:48 Barracks
01:33 Orc Burrow
02:32 Voodoo Lounge
04:20 Voodoo Lounge
04:32 Stronghold
04:32 Stronghold
06:01 Orc Burrow
06:59 War Mill
09:10 Barracks
09:12 Fortress
10:37 Orc Burrow
» items
| Healing Salve | 2 | |
| Lesser Clarity Potion | 1 | |
| Scroll of Speed | 1 | |
4 total
kunt.roII (
teal | 118 APM | 2054 actions | 17:24)
4 Death Knight
2 Death Coil
2 Unholy Aura
2 Lich
1 Frost Nova
1 Frost Armor
» actions
| Assign group hotkey | 28 | |
| Basic commands | 40 | |
| Build / train | 73 | |
| ESC pressed | 10 | |
| Enter build submenu | 21 | |
| Enter hero's abilities submenu | 6 | |
| Give item / drop item | 2 | |
| Right click | 826 | |
| Select / deselect | 253 | |
| Select group hotkey | 702 | |
| Use ability | 93 | |
2054 total
» units
| Acolyte | 13 | |
| Ghoul | 5 | |
| Crypt Fiend | 12 | |
| Obsidian Statue | 2 | |
| Abomination | 1 | |
| Frost Wyrm | 2 | |
35 total
» upgrades
| Burrow | 2 | |
| Web | 1 | |
| Creature Attack | 3 | |
| Disease Cloud | 1 | |
| Creature Carapace | 2 | |
| Freezing Breath | 1 | |
10 total
» buildings
| Graveyard | 1 | |
| Crypt | 1 | |
| Altar of Darkness | 1 | |
| Ziggurat | 6 | |
| Tomb of Relics | 1 | |
| Nerubian Tower | 2 | |
| Halls of the Dead | 1 | |
| Necropolis | 1 | |
| Black Citadel | 1 | |
| Slaughterhouse | 1 | |
| Sacrificial Pit | 1 | |
| Boneyard | 1 | |
18 total
» build order
00:06 Graveyard
00:14 Crypt
00:32 Altar of Darkness
00:49 Ziggurat
01:15 Tomb of Relics
01:36 Ziggurat
02:30 Nerubian Tower
04:34 Halls of the Dead
04:54 Ziggurat
05:16 Ziggurat
05:33 Necropolis
07:08 Black Citadel
07:43 Slaughterhouse
08:25 Sacrificial Pit
09:22 Ziggurat
09:41 Boneyard
10:44 Ziggurat
10:45 Nerubian Tower
» items
| Rod of Necromancy | 4 | |
| Scroll of Town Portal | 3 | |
| Potion of Mana | 2 | |
| Orb of Corruption | 1 | |
| Scroll of Healing | 2 | |
| Potion of Healing | 1 | |
| Sacrificial Skull | 1 | |
| Scroll of Speed | 1 | |
15 total
MrFrosty (
yellow | 120 APM | 2089 actions | 17:23)
5 Mountain King
3 Storm Bolt
2 Bash
2 Blood Mage
1 Banish
1 Siphon Mana
» actions
| Assign group hotkey | 27 | |
| Basic commands | 22 | |
| Build / train | 66 | |
| ESC pressed | 1 | |
| Enter build submenu | 18 | |
| Enter hero's abilities submenu | 7 | |
| Give item / drop item | 1 | |
| Remove unit from queue | 3 | |
| Right click | 1013 | |
| Select / deselect | 283 | |
| Select group hotkey | 572 | |
| Use ability | 76 | |
2089 total
» units
| Peasant | 17 | |
| Footman | 10 | |
| Goblin Zeppelin | 1 | |
| Spell Breaker | 4 | |
| Priest | 2 | |
| Sorceress | 1 | |
35 total
» upgrades
| Defend | 1 | |
| Plating | 2 | |
| Swords | 2 | |
| Masonry | 1 | |
| Lumber Harvesting | 0 | |
| Sorceress Training | 1 | |
| Priest Training | 1 | |
8 total
» buildings
| Altar of Kings | 1 | |
| Farm | 11 | |
| Barracks | 1 | |
| Arcane Vault | 1 | |
| Town Hall | 1 | |
| Keep | 2 | |
| Lumber Mill | 1 | |
| Blacksmith | 1 | |
| Castle | 1 | |
| Arcane Sanctum | 3 | |
23 total
» build order
00:06 Altar of Kings
00:28 Farm
00:30 Barracks
00:59 Farm
01:58 Farm
02:53 Arcane Vault
04:21 Farm
04:22 Farm
04:38 Town Hall
06:46 Keep
06:46 Keep
08:30 Lumber Mill
08:31 Blacksmith
09:44 Castle
09:48 Arcane Sanctum
09:49 Arcane Sanctum
09:50 Arcane Sanctum
09:52 Farm
09:54 Farm
09:55 Farm
09:56 Farm
15:28 Farm
15:29 Farm
» items
| Scroll of Regeneration | 2 | |
| Lesser Clarity Potion | 2 | |
| Scroll of Town Portal | 1 | |
| Staff of Sanctuary | 1 | |
| Potion of Healing | 2 | |
8 total
team 2 (loser)
Logical.s (
blue | 54 APM | 934 actions | 17:22)
3 Warden
2 Shadow Strike
1 Blink
2 Demon Hunter
1 Mana Burn
1 Evasion
» actions
| Assign group hotkey | 21 | |
| Basic commands | 87 | |
| Build / train | 64 | |
| ESC pressed | 1 | |
| Enter build submenu | 14 | |
| Enter hero's abilities submenu | 5 | |
| Give item / drop item | 1 | |
| Right click | 339 | |
| Select / deselect | 259 | |
| Select group hotkey | 97 | |
| Use ability | 46 | |
934 total
» units
| Wisp | 17 | |
| Huntress | 6 | |
| Dryad | 11 | |
| Druid of the Claw | 5 | |
| Archer | 1 | |
40 total
» upgrades
| Druid of the Claw Training | 2 | |
| Strength of the Wild | 2 | |
| Reinforced Hides | 1 | |
| Abolish Magic | 1 | |
6 total
» buildings
| Altar of Elders | 1 | |
| Moon Well | 6 | |
| Hunter's Hall | 1 | |
| Ancient of War | 2 | |
| Tree of Ages | 4 | |
| Ancient of Lore | 2 | |
| Tree of Eternity | 1 | |
| Ancient Protector | 1 | |
18 total
» build order
00:05 Altar of Elders
00:18 Moon Well
01:22 Hunter's Hall
01:43 Ancient of War
01:54 Moon Well
02:22 Ancient of War
03:16 Tree of Ages
03:16 Tree of Ages
04:21 Moon Well
05:40 Ancient of Lore
05:43 Ancient of Lore
08:03 Tree of Eternity
08:39 Moon Well
08:40 Moon Well
09:51 Ancient Protector
13:00 Moon Well
» items
Optical.s (
purple | 79 APM | 1362 actions | 17:19)
3 Blademaster
1 Wind Walk
2 Critical Strike
3 Shadow Hunter
1 Hex
2 Healing Wave
» actions
| Assign group hotkey | 129 | |
| Basic commands | 187 | |
| Build / train | 62 | |
| Enter build submenu | 12 | |
| Enter hero's abilities submenu | 6 | |
| Give item / drop item | 1 | |
| Right click | 288 | |
| Select / deselect | 331 | |
| Select group hotkey | 282 | |
| Use ability | 64 | |
1362 total
» units
| Peon | 10 | |
| Grunt | 12 | |
| Troll Witch Doctor | 5 | |
| Tauren | 4 | |
31 total
» upgrades
| Berserker Strength | 1 | |
| Witch Doctor Training | 2 | |
| Armor | 2 | |
| Melee Weapons | 1 | |
| Pulverize | 1 | |
7 total
» buildings
| Altar of Storms | 1 | |
| Orc Burrow | 5 | |
| Barracks | 1 | |
| Voodoo Lounge | 1 | |
| Stronghold | 2 | |
| War Mill | 1 | |
| Fortress | 2 | |
| Spirit Lodge | 1 | |
| Tauren Totem | 1 | |
15 total
» build order
00:05 Altar of Storms
00:16 Orc Burrow
00:33 Barracks
01:52 Orc Burrow
02:06 Voodoo Lounge
02:30 Stronghold
02:31 Stronghold
04:10 War Mill
04:12 Orc Burrow
07:01 Fortress
07:02 Fortress
07:06 Spirit Lodge
09:45 Tauren Totem
10:47 Orc Burrow
11:40 Orc Burrow
» items
| Healing Salve | 2 | |
| Lesser Clarity Potion | 1 | |
| Scroll of Protection | 1 | |
| Scroll of Town Portal | 3 | |
7 total
Technical.s (
orange | 59 APM | 1021 actions | 17:22)
3 Mountain King
2 Storm Bolt
1 Thunder Clap
» actions
| Assign group hotkey | 11 | |
| Basic commands | 57 | |
| Build / train | 54 | |
| Enter build submenu | 17 | |
| Enter hero's abilities submenu | 3 | |
| Remove unit from queue | 2 | |
| Right click | 498 | |
| Select / deselect | 248 | |
| Select group hotkey | 84 | |
| Use ability | 47 | |
1021 total
» units
| Peasant | 27 | |
| Rifleman | 11 | |
| Harpy Windwitch | 1 | |
| Mortar Team | 2 | |
41 total
» upgrades
» buildings
| Altar of Kings | 1 | |
| Farm | 7 | |
| Blacksmith | 1 | |
| Scout Tower | 3 | |
| Barracks | 2 | |
| Arcane Tower | 2 | |
| Keep | 1 | |
| Workshop | 1 | |
| Castle | 1 | |
19 total
» build order
00:08 Altar of Kings
00:14 Farm
00:15 Farm
00:40 Blacksmith
01:33 Scout Tower
02:02 Barracks
02:20 Barracks
02:32 Arcane Tower
02:46 Farm
02:51 Farm
05:02 Keep
09:54 Scout Tower
09:59 Scout Tower
10:47 Arcane Tower
10:55 Workshop
12:16 Farm
12:18 Farm
13:35 Farm
15:31 Castle
» items
Chat log
(00:03 / Allies) MrFrosty: seropsui
(00:10 / Allies) kunt.roII: gob feed me 100
(00:24 / Allies) kunt.roII: ty.
(00:39 / Allies) Gobiner: I'm goin fatty fat fat
(00:40 / Allies) kunt.roII: u gonna go breaker frosty?
(00:45 / Allies) MrFrosty: mk fe
(00:47 / Allies) kunt.roII: or should i get destro
(01:07 / Allies) kunt.roII: u didnt answer my question fyi
(01:14 / Allies) MrFrosty: not really quickly
(01:30 / Allies) MrFrosty: later on i prob will
(01:50 / Allies) kunt.roII: welll gobs a noob and ur feing so imma make plenty of fiends first
(01:55 / Allies) MrFrosty: yeah
(02:02 / Allies) Gobiner: ow
(02:04 / Allies) Gobiner: my feelings
(03:00 / Allies) kunt.roII: gpob gonne get owned
(03:28 / Allies) MrFrosty: oh great i can bolt surround one of those heroes
(03:34 / Allies) MrFrosty: tc first what teh fcuk
(03:41 / Allies) MrFrosty: nicely done velox nub
(04:02 / Allies) kunt.roII: i got ls
(04:15 / Allies) MrFrosty: me too
(04:21 / Allies) kunt.roII: lets rape someone
(04:24 / Allies) kunt.roII: i think is hu
(05:01 / Allies) kunt.roII: feed me and ill expo too
(05:11 / Allies) MrFrosty: pretty much no mana
(05:13 / Allies) kunt.roII: welp wood
(07:10 / Allies) Gobiner: that was bad right
(07:13 / Allies) kunt.roII: wrong
(07:14 / Allies) MrFrosty: nope
(07:18 / Allies) Gobiner: k
(07:26 / Allies) Gobiner: I'm gettin demos
(08:02 / Allies) kunt.roII: cloak of ownage
(08:04 / Allies) kunt.roII: fyi
(09:05 / Allies) kunt.roII: lol
(09:32 / Allies) kunt.roII: gold me
(09:34 / Allies) kunt.roII: i make wyrm. . . . .
(09:51 / Allies) kunt.roII: not u nubiner
(10:21 / Allies) kunt.roII: thats not so hot
(10:26 / Allies) kunt.roII: back
(10:28 / Allies) kunt.roII: in ur base
(10:28 / Allies) kunt.roII: nub
(11:05 / Allies) kunt.roII: demos hit yads fyi
(11:09 / Allies) Gobiner: k
(12:28 / Allies) kunt.roII: ill tp
(12:31 / Allies) kunt.roII: but gonna distrack
(12:51 / Allies) MrFrosty: ps getting banish for some nuke action
(13:20 / Allies) kunt.roII: welp
(14:16 / All) kunt.roII: u got owned by cloacks fyi
(14:40 / Allies) kunt.roII: fuck ur altar
(16:26 / All) MrFrosty: ive had to pay so little attention this game i cant even remember what your 3rd race is
(17:01 / Allies) kunt.roII: oH CHOSE
(17:06 / All) kunt.roII: SHIT
(17:07 / All) kunt.roII: MORTS
(17:10 / All) kunt.roII: WHAT CAN AN UD DO
(17:22 / All) Gobiner: 2ez